Map: Ever Dream LE

Players

Zest

  • Race: Protoss Protoss
  • Spawn Location: 1:00

LiquidClem (Clem) - Winner!

  • Race: Terran Terran
  • Spawn Location: 7:00

Event: StayAtHomestory Cup #2

VOD

Have the link to the VOD?

Description

Time

  • Played on: June 13, 2020, 6:13 a.m.
  • Length: 7:23

All games in this series

Show
View Real Time Build Order
Export as new Build Order

Zest Protoss 

Build Orders: 1 Gate Expand, Zealot Archon, Archon Drop, Colossus Rush, Dark Templar Rush 

Get SALT Encoding   

  12  0:00  Probe  
  13  0:13  Probe  
  14  0:17  Pylon  
  14  0:24  Probe  
  15  0:32  Probe  
  15  0:37  Gateway  
  15  0:40  Probe  
  16  0:46  Assimilator  
  17  0:51  Probe  
  18  1:03  Probe  
  19  1:15  Probe  
  20  1:24  Cybernetics Core  
  20  1:32  Nexus  
  20  1:34  Probe  
  21  1:41  Pylon  
  21  1:47  Probe  
  22  1:49  Assimilator  
  22  1:51  Adept  
  22  1:58  Probe  
  25  2:01  Warp Gate  
  25  2:06  Probe  
  25  2:15  Probe  
  26  2:22  Twilight Council  
  27  2:25  Probe  
  28  2:30  Stalker  
  30  2:37  Pylon  
  30  2:38  Probe  
  31  2:44  Probe  
  31  2:50  Probe  
  33  2:52  Probe  
  34  3:00  Dark Shrine  
  34  3:02  Probe x2  
  36  3:12  Gateway  
  36  3:14  Probe  
  36  3:17  Probe  
  37  3:24  Probe  
  37  3:25  Gateway  
  38  3:29  Probe  
  38  3:32  Probe  
  38  3:33  Robotics Facility  
  39  3:37  Assimilator  
  39  3:40  Assimilator  
  41  3:41  Probe  
  41  3:42  Probe  
  42  3:53  Probe  
  42  3:54  Probe  
  44  3:58  Pylon  
  44  4:05  Probe  
  44  4:09  Probe  
  46  4:10  Warp Prism  
  46  4:13  Dark Templar x2  
  50  4:19  Probe  
  50  4:21  Probe  
  54  4:24  Pylon  
  54  4:25  Dark Templar  
  54  4:31  Probe  
  57  4:34  Probe  
  56  4:43  Probe  
  54  4:53  Nexus  
  54  4:56  Probe x2  
  54  4:59  Robotics Bay  
  56  5:07  Dark Templar x3  
  56  5:08  Probe  
  56  5:09  Probe  
  56  5:13  Pylon  
  64  5:20  Probe  
  64  5:21  Probe  
  66  5:31  Colossus  
  66  5:33  Probe x2  
  68  5:40  Dark Templar  
  68  5:41  Dark Templar  
  70  5:43  Archon  
  70  5:44  Archon  
  70  5:45  Probe  
  70  5:47  Pylon  
  77  5:53  Gateway x2  
  77  5:56  Pylon  
  77  6:17  Probe x3  
  80  6:22  Gateway  
  80  6:24  Forge  
  80  6:27  Colossus  
  86  6:42  Zealot x3  
  86  6:44  Probe x2  
  86  6:45  Pylon  
  94  6:49  Shield Battery  
  94  6:58  Stalker x2  
  97  7:03  Stalker  
  97  7:04  Zealot, Stalker  
Show
View Real Time Build Order
Export as new Build Order

LiquidClem Terran - Winner!

Build Orders: Reaper Expand 

Get SALT Encoding   

  12  0:00  SCV  
  13  0:12  SCV  
  14  0:17  Supply Depot  
  14  0:25  SCV  
  15  0:38  SCV  
  15  0:40  Barracks  
  16  0:43  Refinery  
  16  0:50  SCV  
  17  1:02  SCV  
  18  1:15  SCV  
  19  1:27  Orbital Command, Reaper  
  20  1:39  Command Center  
  20  1:48  Supply Depot  
  20  1:53  SCV  
  21  1:58  Marine  
  22  2:05  SCV  
  23  2:08  Factory  
  23  2:15  Bunker  
  23  2:18  SCV  
  23  2:20  Barracks Reactor  
  24  2:24  Refinery  
  24  2:30  SCV  
  25  2:42  SCV  
  26  2:52  Hellion  
  26  2:54  Starport  
  26  2:55  SCV, Orbital Command  
  29  2:59  Marine  
  29  3:01  Marine  
  31  3:07  SCV  
  32  3:16  Marine, Factory Tech Lab  
  32  3:19  SCV, Marine  
  35  3:23  SCV  
  36  3:31  SCV  
  36  3:34  Marine  
  36  3:35  SCV  
  36  3:36  Marine  
  36  3:39  Raven, Factory Tech Lab  
  41  3:44  Barracks x2  
  41  3:45  SCV  
  41  3:48  SCV  
  43  3:52  Supply Depot  
  43  3:55  Marine  
  43  3:56  Marine  
  43  3:59  SCV  
  43  4:02  Engineering Bay  
  46  4:08  Supply Depot  
  46  4:14  SCV x2, Siege Tank  
  46  4:16  Marine  
  52  4:17  Marine  
  52  4:20  Refinery  
  53  4:26  SCV  
  53  4:27  Supply Depot  
  54  4:34  Marine  
  54  4:35  Marine  
  54  4:36  SCV  
  57  4:41  Stimpack  
  57  4:43  Marauder  
  57  4:44  SCV  
  58  4:48  Starport Reactor  
  58  4:50  Supply Depot  
  58  4:51  SCV  
  59  4:53  Factory Reactor  
  59  4:56  Marauder  
  61  5:01  SCV  
  61  5:02  Refinery  
  61  5:03  SCV  
  61  5:04  Marine x2, Marauder  
  61  5:06  Combat Shield  
  67  5:13  Supply Depot  
  67  5:14  SCV  
  67  5:15  SCV  
  67  5:17  Terran Infantry Weapons Level 1  
  69  5:22  Marine x2  
  69  5:26  Marauder  
  69  5:27  Marauder  
  72  5:30  SCV  
  72  5:31  Supply Depot  
  72  5:34  SCV  
  70  5:39  Missile Turret, Marine  
  70  5:42  SCV  
  72  5:45  Medivac  
  72  5:47  SCV  
  75  5:50  Medivac  
  75  5:51  Marine, Supply Depot  
  75  5:54  Marauder  
  80  5:58  SCV, Marauder  
  80  6:00  SCV  
  80  6:01  Marine  
  84  6:10  SCV  
  82  6:12  SCV  
  82  6:15  Marauder  
  82  6:16  Supply Depot  
  85  6:21  Marine x2  
  85  6:22  SCV  
  85  6:24  Marauder  
  90  6:27  SCV  
  91  6:35  SCV  
  91  6:36  Marauder  
  92  6:40  Marine, Widow Mine  
  92  6:41  Widow Mine  
  92  6:42  Marine, Supply Depot  
  92  6:43  SCV  
  99  6:48  Marauder  
  99  6:50  Medivac  
  103  6:57  Supply Depot  
  103  6:59  Marine  
  103  7:00  Marine  
  107  7:02  Marauder  
  107  7:11  SCV  
Tags
 
Add a new tag
Caveats
  • Supply blocks, unpowered buildings, or Contaminate may cause inaccurate times.
  • Supply counts are checked every 10 seconds.